 Dungeon Crawl Stone Soup version 0.28-a0-845-gfc338a8e3c (webtiles) character file.

Game seed: 12506579136060381388

84 Froggeryz the Sneak (level 4, -10/26 HPs)
             Began as a Gargoyle Enchanter on Nov 13, 2021.
             Killed by an exploding hobgoblin (24 damage)
             ... ignited by their inner flame
             ... on level 3 of the Dungeon.
             The game lasted 00:03:00 (2597 turns).

Froggeryz the Sneak (Gargoyle Enchanter)            Turns: 2597, Time: 00:03:01

Health: -10/26     AC: 10    Str: 13    XL:     4   Next: 45%
Magic:  7/7        EV: 10    Int: 15    God:
Gold:   89         SH:  0    Dex: 10    Spells: 7/7 levels left

rFire   . . .      SeeInvis .   f - +0 whip
rCold   . . .      Faith    .   (no shield)
rNeg    + . .      Spirit   .   e - +0 ring mail
rPois   ∞          Reflect  .   g - +0 helmet
rElec   +          Harm     .   (no cloak)
rCorr   .          Rampage  .   (no gloves)
Will    .....                   (no boots)
Stlth   +.........              (no amulet)
HPRegen 0.08/turn               (no ring)
MPRegen 0.10/turn               (no ring)

@: no status effects
A: sickness immunity, AC +3, negative energy resistance 1, electricity
resistance, torment resistance 1, petrification resistance
a: no special abilities


You were on level 3 of the Dungeon.
You visited 1 branch of the dungeon, and saw 3 of its levels.

You collected 89 gold pieces.

Inventory:

Hand Weapons
 a - a +1 dagger
 f - a +0 whip (weapon)
Missiles
 i - 4 boomerangs of dispersal (quivered)
Armour
 e - a +0 ring mail (worn)
 g - a +0 helmet (worn)
Scrolls
 d - a scroll of identify
 h - a scroll of noise


   Skills:
 - Level 2.0 Fighting
 - Level 0.8 Short Blades
 * Level 2.5 Maces & Flails
 - Level 2.0 Armour
 - Level 1.5 Dodging
 - Level 3.2 Stealth
 - Level 2.0 Spellcasting
 - Level 2.6 Hexes


You had 7 spell levels left.
You didn't know any spells.
Your spell library contained the following spells:

 Spells                   Type           Power      Damage    Failure   Level
 Ensorcelled Hibernation  Hex/Ice        10%        N/A       38%         2
 Confusing Touch          Hex            9%         N/A       43%         3
 Tukima's Dance           Hex            9%         N/A       43%         3
 Dazzling Flash           Conj/Hex       10%        N/A       63%         3
 Conjure Flame            Conj/Fire      1%         6-21      80%         3
 Ignite Poison            Fire/Tmut/Pois 1%         N/A       80%         3
 Metabolic Englaciation   Hex/Ice        2%         N/A       100%        5


Dungeon Overview and Level Annotations

Branches:
Dungeon (3/15)

Altars:

Shops:
D:1 :

Annotations:
D:3 Robin


Innate Abilities, Weirdness & Mutations

You are immune to sickness and miasma.
Your stone body is resilient. (AC +3)
You are immune to poison.
You resist negative energy. (rN+)
You are resistant to electric shocks. (rElec)
You are resistant to unholy torment.
You are immune to petrification.


Message History

Robin shouts!
The hobgoblin shouts! x4; The goblin shouts! x5
The hobgoblin shouts!
The goblin shouts! x2
Found 9 poisoned darts.
There are monsters nearby!
You closely miss Robin.
As you read the scroll labelled MYSESHI GUPRE, it crumbles to dust.
It is a scroll of identify.
h - a scroll of noise Robin hits you with a +0 mace.
The hobgoblin hits you but does no damage.
The goblin hits you but does no damage.
As you read the scroll labelled LIUKHUIWKOD, it crumbles to dust.
It is a scroll of amnesia.
You feel forgetful for a moment. Robin throws the goblin at you!
The hobgoblin hits you but does no damage.
The goblin hits you but does no damage. The goblin hits you with a +0 club.
The hobgoblin hits you. The goblin hits you but does no damage.
The goblin hits you with a +0 dagger.
As you read the scroll labelled HOMIUR AMASU, it crumbles to dust.
The creatures around you are filled with an inner flame!
It was a scroll of immolation.
Robin hits you but does no damage.
The hobgoblin hits you but does no damage.
The goblin hits you but does no damage. x2
The hobgoblin hits you but does no damage.
The goblin barely misses you. The goblin hits you but does no damage.
An adder comes into view.
The goblin misses you.
Okay, then.
You aren't carrying any potions.
You aren't carrying any items that you can evoke.
The adder hisses angrily.
You hit the hobgoblin.
Flame seeps out of the hobgoblin.
The hobgoblin is severely wounded.
The hobgoblin barely misses you. The goblin hits you but does no damage.
The goblin barely misses you.
The hobgoblin is engulfed in blazing flames.
The hobgoblin explodes!
The fiery explosion engulfs you!!
Ouch! That really hurt!
You die...

#.###(...
.........
##w.......
#........#
#........#
#ggg.....#
#gggg....#
#g@gg...S.
#gg○§.....
##§§§.....
##.....##
######


You could see a worm (inner flame), Robin (inner flame), an adder, 4 hobgoblins
and 7 goblins.

Vanquished Creatures
  3 adders (D:2)
  2 worms (D:2)
  A dart slug (D:1)
  5 ball pythons
  5 endoplasms (D:1)
  5 giant cockroaches
  6 goblins
  2 hobgoblins
  4 jackals (D:1)
  3 kobolds
  3 quokkas
  3 bats (D:1)
  A frilled lizard (D:1)
  2 rats (D:1)
45 creatures vanquished.

Notes
Turn   | Place    | Note
-------+----------+-------------------------------------------
     0 | D:1      | Froggeryz the Gargoyle Enchanter began the quest for the
                  | Orb.
     0 | D:1      | Reached XP level 1. HP: 10/10 MP: 3/3
    23 | D:1      | Got Sif Muna's Grimoire of the Freezing Blaze
   390 | D:1      | You fall into a shaft and drop 1 floor!
   469 | D:2      | Reached skill level 1 in Fighting
   469 | D:2      | Reached skill level 1 in Armour
   469 | D:2      | Reached XP level 2. HP: 15/16 MP: 5/5
   543 | D:1      | Found a faded altar of an unknown god.
   650 | D:1      | Found Benn's Book Shoppe.
   797 | D:1      | Reached XP level 3. HP: 16/21 MP: 6/6
  1590 | D:2      | Reached skill level 1 in Maces & Flails
  1751 | D:2      | Reached XP level 4. HP: 21/26 MP: 7/7
  2592 | D:3      | Noticed Robin
  2597 | D:3      | Killed by an exploding hobgoblin... ignited by their inner
                  | flame

Illustrated notes

Levels and vault maps discovered:
D:1:      scummos_arrival_forest, layout_loops_ring, serial_shops,
          nicolae_shop_crystal, ebering_ecumenical_altar_mist
D:2:      layout_loops_ring, fountainhead
D:3:      layout_rooms, gammafunk_ghost_grave, chequers_serial_rivers_micro_b,
          uniq_jessica, uniq_robin, uniq_grinder

Skill      XL: |  1  2  3 |
---------------+----------+-----
Fighting       | 1 2 |  2.0
Armour         | 1 2 |  2.0
Maces & Flails | 2 |  2.5
Short Blades   | |  0.8
Dodging        | |  1.5
Stealth        | |  3.2
Spellcasting   | |  2.0
Hexes          | |  2.6

Action                   |  1- 3 |  4- 6 || total
-------------------------+-------+-------++-------
Melee: Dagger            |   108 |       ||   108
       Whip              |    59 |    70 ||   129
  Use: Potion            |     1 |       ||     1
       Scroll            |       |     3 ||     3
 Stab: Invisible         |     1 |       ||     1
       Sleeping          |     5 |       ||     5
Armor: Robe              |    18 |       ||    18
       Ring mail         |    43 |    60 ||   103
Dodge: Dodged            |    89 |    43 ||   132

Table legend: (Time is in decaauts)
 A = Elapsed time spent in this place.
 B = Non-inter-level travel time spent in this place.
 C = Inter-level travel time spent in this place.
 D = Time resting spent in this place.
 E = Time spent auto-exploring this place.
 F = Levels seen in this place.
 G = Mean time per level.
                   A        B        C        D        E       F      G
               +--------+--------+--------+--------+--------+-----+--------+
         Total |   2598 |   2429 |    169 |    318 |   1518 |   3 |  866.0 |
       Dungeon |   2598 |   2429 |    169 |    318 |   1518 |   3 |  866.0 |
               +--------+--------+--------+--------+--------+-----+--------+

Top non-repeatable levels by time:
     D:1: 1405 daAuts
     D:2: 1188 daAuts
     D:3: 4 daAuts
